Map: Emerald City CE

Players

Sanekkk

  • Race: Zerg Zerg
  • League: Silver
  • Spawn Location: 5:00

GrandNox

  • Race: Terran Terran
  • Spawn Location: 5:00

Nyck - Winner!

  • Race: Terran Terran
  • Spawn Location: 11:00

Ekelpack - Winner!

  • Race: Zerg Zerg
  • Spawn Location: 11:00

VOD

Have the link to the VOD?

Description

Time

  • Played on: Aug. 20, 2024, 2:45 p.m.
  • Length: 18:05
Show
View Real Time Build Order
Export as new Build Order

Sanekkk Zerg 

Build Orders: Pool First 

Get SALT Encoding   

  12  0:20  Spawning Pool  
  11  0:28  Drone x2  
  11  0:32  Drone  
  14  0:38  Extractor  
  13  0:44  Drone  
  14  0:50  Overlord  
  14  1:10  Zergling x2  
  15  1:13  Zergling x2  
  16  1:22  Roach Warren  
  16  1:24  Zergling x2  
  16  1:44  Zergling x2  
  17  2:00  Hatchery  
  16  2:11  Roach x2  
  20  2:19  Roach  
  21  3:05  Lair  
  21  3:08  Overlord  
  21  3:17  Spine Crawler  
  11  3:29  Drone x2  
  13  3:41  Roach  
  13  3:44  Spine Crawler  
  13  3:45  Spine Crawler  
  15  3:55  Roach  
  16  4:08  Roach x2  
  17  4:13  Roach  
  17  4:33  Roach x2  
  17  4:40  Ravager  
  18  4:48  Roach  
  20  5:02  Roach x2  
  24  5:23  Hydralisk Den  
  23  5:29  Infestation Pit  
  23  5:31  Drone  
  23  6:05  Drone  
  23  6:06  Drone x2  
  26  6:20  Hydralisk  
  28  6:28  Hydralisk  
  22  7:08  Overlord  
  22  7:27  Drone x3  
  22  7:54  Overlord  
  22  8:03  Spore Crawler  
  21  8:11  Drone  
  22  8:16  Drone  
  20  8:50  Drone  
  21  8:56  Drone  
  22  9:06  Drone  
  23  9:19  Drone  
  23  9:22  Drone  
  18  10:27  Hydralisk x2  
  22  10:30  Overlord  
  22  10:44  Spore Crawler x3  
  22  10:45  Drone, Spore Crawler x2  
  18  10:53  Drone  
  19  11:20  Drone x2  
  21  11:33  Drone  
  21  11:39  Drone  
  19  11:59  Spore Crawler  
  18  12:10  Drone x3  
  18  12:12  Spore Crawler  
  20  12:21  Drone  
  21  12:39  Queen  
  23  12:57  Drone x3  
  26  13:05  Spore Crawler  
  25  13:08  Spore Crawler  
  24  13:17  Infestor  
  26  13:22  Drone  
  27  13:44  Drone x2  
  29  14:15  Drone  
  30  14:17  Overlord  
  30  14:25  Nydus Network  
  30  14:29  Drone  
  30  14:32  Overlord  
  30  15:00  Metabolic Boost  
  30  15:03  Hive  
  30  15:04  Hydralisk x3  
  36  15:13  Evolution Chamber  
  35  15:21  Grooved Spines  
  35  15:25  Drone  
  36  15:29  Drone  
  36  15:33  Drone  
  38  15:41  Hydralisk  
  30  16:11  Muscular Augments  
  30  16:16  Hydralisk x2  
  30  16:17  Hydralisk x2  
  38  16:26  Queen  
  38  16:28  Drone x2  
  42  16:38  Spore Crawler  
  41  16:52  Extractor  
  40  17:00  Nydus Canal  
  40  17:02  Spore Crawler  
  21  17:31  Hydralisk  
  21  17:32  Hydralisk  
  25  17:43  Zergling x2  
  25  17:44  Zergling x4  
  28  17:57  Spine Crawler  
  27  18:00  Spine Crawler  
Show
View Real Time Build Order
Export as new Build Order

GrandNox Terran 

Build Orders:  

Get SALT Encoding   

  12  0:12  Supply Depot  
  12  0:26  SCV  
  12  0:27  Supply Depot  
  13  0:38  SCV  
  14  0:50  SCV, Barracks  
  15  1:04  SCV  
  15  1:11  Barracks  
  16  1:17  SCV  
  17  1:19  Refinery  
  17  1:27  Refinery  
  17  1:33  SCV  
  18  1:45  SCV  
  19  1:58  SCV  
  20  2:10  SCV  
  20  2:15  Factory  
  21  2:22  SCV  
  22  2:34  SCV  
  23  2:47  Orbital Command  
  23  3:01  Starport  
  23  3:19  SCV  
  24  3:23  Command Center  
  24  3:31  Marine  
  25  3:34  Marine  
  26  3:49  Marine  
  26  3:52  Marine  
  27  3:59  Starport Tech Lab  
  27  4:03  Fusion Core  
  27  4:07  Marine  
  28  4:10  Marine  
  29  4:25  Marine  
  29  4:28  Marine  
  30  4:43  Marine  
  31  4:51  Marine  
  32  4:54  Weapon Refit  
  32  5:00  Marine  
  32  5:01  Starport  
  32  5:02  Battlecruiser  
  39  5:09  Marine  
  40  5:18  Marine  
  41  5:27  Marine  
  42  5:36  Marine  
  43  5:45  Marine  
  44  5:53  Starport Tech Lab  
  44  5:54  Marine  
  44  5:55  Command Center  
  45  7:00  Supply Depot  
  45  7:06  Battlecruiser x2  
  57  7:11  Supply Depot  
  57  7:27  SCV  
  58  7:31  Refinery  
  58  7:39  SCV, Starport  
  60  7:51  SCV  
  60  8:03  SCV  
  61  8:08  Supply Depot  
  61  8:11  Battlecruiser  
  67  8:15  SCV  
  68  8:27  SCV  
  69  8:39  SCV  
  52  8:56  Viking x2  
  56  9:05  Refinery  
  56  9:15  Viking  
  58  9:26  Viking x2  
  61  9:44  Viking  
  63  9:46  Engineering Bay  
  60  9:56  Viking x2  
  63  10:00  SCV  
  64  10:12  SCV  
  61  10:24  SCV  
  62  10:36  SCV  
  62  10:40  Viking x2  
  62  10:41  Viking  
  69  10:48  SCV  
  70  10:53  Missile Turret  
  70  11:00  SCV  
  70  11:01  Missile Turret  
  71  11:10  Viking x2  
  74  11:18  Missile Turret  
  74  11:20  Missile Turret  
  74  11:26  Missile Turret  
  74  11:34  Missile Turret  
  74  11:36  SCV  
  75  11:50  SCV  
  76  12:02  SCV  
  77  12:37  Viking x3  
  83  12:44  Orbital Command  
  83  13:06  Hi-Sec Auto Tracking  
  83  13:11  Missile Turret  
  83  13:16  Missile Turret  
  83  13:32  Missile Turret  
  78  13:41  Missile Turret  
  78  13:49  Command Center  
  78  14:00  Viking x2  
  78  14:02  Missile Turret  
  82  14:06  Missile Turret  
  82  14:28  Missile Turret  
  82  14:34  Viking x3  
  86  15:00  Missile Turret  
  86  15:04  Viking x3  
  92  15:12  Missile Turret  
  92  15:17  Missile Turret  
  92  15:21  Missile Turret  
  92  15:34  Viking x3  
  98  15:42  Command Center  
  98  15:53  Starport x2  
  98  16:04  Starport, Viking  
  34  16:50  Missile Turret, Viking x6  
  38  17:20  Viking  
Show
View Real Time Build Order
Export as new Build Order

Nyck Terran - Winner!

Build Orders:  

Get SALT Encoding   

  12  0:00  SCV  
  13  0:12  SCV  
  14  0:17  Supply Depot  
  14  0:25  SCV  
  15  0:38  SCV  
  15  0:41  Barracks  
  16  0:51  SCV  
  17  0:58  Barracks  
  17  1:03  SCV  
  18  1:15  SCV  
  19  1:21  Refinery  
  19  1:28  Supply Depot  
  19  1:29  Orbital Command  
  19  1:33  Marine  
  20  1:46  Marine  
  21  1:51  Marine, Barracks  
  22  1:56  SCV  
  23  2:05  Marine  
  25  2:08  SCV  
  25  2:13  Marine  
  26  2:26  Marine, Refinery  
  27  2:36  Supply Depot  
  27  2:50  Barracks Tech Lab, Marine x2  
  29  2:54  SCV  
  29  2:55  Barracks  
  30  3:07  SCV, Marine  
  30  3:08  Marine  
  30  3:11  Combat Shield  
  33  3:28  Command Center  
  33  3:39  SCV  
  34  3:43  Barracks Tech Lab  
  34  3:48  Engineering Bay  
  34  4:07  SCV  
  34  4:14  Engineering Bay  
  33  4:43  SCV x2  
  35  4:49  Reaper x3  
  38  5:02  SCV x2  
  38  5:04  Terran Infantry Weapons Level 1  
  38  5:05  Terran Infantry Armor Level 1  
  40  5:07  Supply Depot  
  41  5:21  Reaper x3  
  43  5:35  Reaper  
  44  5:38  Supply Depot  
  44  5:51  Factory  
  44  5:53  Reaper x3  
  44  5:55  SCV x2  
  49  5:57  Command Center  
  49  6:02  Refinery  
  49  6:03  Refinery  
  49  6:07  SCV x2, Reaper  
  49  6:08  Concussive Shells  
  52  6:19  SCV  
  52  6:20  SCV  
  52  6:24  Command Center  
  52  6:25  Marine x2, Reaper  
  57  6:35  SCV x2  
  57  6:39  Marine  
  60  6:43  Marine x2  
  62  6:47  SCV x2  
  64  6:56  Marine  
  64  6:57  Marine  
  64  6:59  SCV x2  
  64  7:01  Marine  
  69  7:11  SCV x2  
  69  7:14  SCV  
  72  7:23  SCV  
  72  7:24  SCV  
  72  7:26  SCV  
  75  7:33  Armory  
  75  7:36  SCV x2  
  77  7:38  SCV  
  77  7:40  Starport  
  77  7:41  Supply Depot  
  78  7:47  Refinery  
  78  7:48  SCV x2  
  78  7:49  Orbital Command  
  80  7:51  SCV  
  80  7:53  Refinery  
  81  8:00  SCV x2  
  81  8:03  SCV  
  84  8:12  SCV x2  
  86  8:15  SCV  
  86  8:16  SCV  
  88  8:22  Refinery  
  88  8:24  SCV, Marine x4  
  83  8:38  Missile Turret  
  83  8:39  Missile Turret  
  72  8:41  Marine x2, Missile Turret  
  72  8:42  Marine x2  
  74  8:51  SCV x3  
  73  8:58  SCV  
  73  9:01  Marine x4  
  78  9:03  SCV x3  
  78  9:05  Stimpack  
  78  9:09  Armory  
  81  9:10  SCV, Terran Vehicle And Ship Armor Level 1  
  81  9:15  SCV x2  
  85  9:18  Marine  
  85  9:19  Marine x3  
  85  9:21  Orbital Command  
  85  9:22  SCV  
  89  9:27  SCV x2  
  91  9:31  Refinery  
  91  9:42  SCV x3  
  85  9:54  SCV x3  
  85  9:57  SCV  
  86  10:06  SCV x2  
  89  10:09  Orbital Command, SCV  
  89  10:13  Marine  
  89  10:14  Marine x3  
  90  10:16  Terran Infantry Armor Level 2, Terran Infantry Weapons Level 2  
  90  10:18  SCV x2  
  95  10:31  Marine x2  
  97  10:36  SCV x3  
  97  10:37  SCV  
  101  10:55  Starport Reactor  
  101  10:57  Starport  
  101  11:02  Command Center  
  101  11:08  Terran Ship Weapons Level 1, Terran Vehicle And Ship Armor Level 2  
  101  11:12  SCV x2  
  101  11:13  SCV x2  
  101  11:15  Marine x3  
  108  11:22  Marine  
  109  11:26  Supply Depot  
  109  11:31  SCV x4  
  113  11:32  Marine  
  113  11:35  Supply Depot, Starport  
  114  11:43  SCV x4  
  118  11:55  SCV x4  
  118  11:57  Supply Depot  
  122  12:09  Medivac x2  
  122  12:12  Starport Reactor  
  122  12:13  Starport Reactor  
  126  12:17  Marine x4  
  126  12:19  Supply Depot  
  126  12:20  Starport  
  130  12:23  SCV x4  
  130  12:29  Supply Depot  
  134  12:32  Terran Infantry Weapons Level 3  
  134  12:35  Terran Infantry Armor Level 3, Marine x4  
  138  12:42  Supply Depot, SCV x2  
  140  12:47  Medivac x2  
  144  12:53  Marine x4  
  144  12:55  Medivac  
  144  12:56  Medivac x2  
  144  12:57  Starport  
  144  12:58  Medivac  
  156  13:05  Supply Depot  
  156  13:09  Orbital Command  
  156  13:10  Marine  
  156  13:11  Marine x3  
  156  13:12  Command Center  
  160  13:25  SCV  
  160  13:26  SCV x3  
  164  13:27  Supply Depot  
  164  13:31  Terran Vehicle And Ship Armor Level 3  
  164  13:32  Terran Ship Weapons Level 2  
  164  13:37  Starport Reactor x2, Starport  
  164  13:38  SCV x4  
  164  13:39  Viking x4  
  164  13:40  Viking  
  178  13:43  SCV  
  179  13:49  Supply Depot  
  179  13:50  SCV x4  
  179  13:51  Refinery  
  179  13:55  SCV, Viking  
  186  14:02  SCV x4  
  190  14:07  SCV  
  190  14:09  Viking x4  
  199  14:13  Refinery  
  199  14:15  Marine  
  200  14:32  Starport  
  200  15:09  Starport  
  200  15:26  Neosteel Armor  
  200  15:28  Hi-Sec Auto Tracking  
  200  15:47  Starport  
  200  16:26  Starport  
  187  16:49  Viking x6  
  193  17:37  SCV x3  
Show
View Real Time Build Order
Export as new Build Order

Ekelpack Zerg - Winner!

Build Orders: Pool First 

Get SALT Encoding   

  12  0:00  Drone  
  13  0:08  Drone  
  14  0:25  Spawning Pool  
  13  0:29  Drone  
  14  0:37  Overlord  
  14  0:55  Drone x2  
  14  0:56  Drone  
  17  1:01  Extractor  
  16  1:07  Drone  
  17  1:12  Queen  
  19  1:18  Overlord  
  19  1:29  Drone  
  20  1:33  Roach Warren  
  19  1:41  Drone  
  20  1:56  Drone  
  20  1:59  Extractor  
  20  2:14  Roach x2  
  24  2:21  Roach x3  
  30  2:42  Overlord x2  
  30  3:04  Lair  
  30  3:06  Drone  
  30  3:07  Drone x2  
  30  3:08  Hatchery  
  32  3:15  Drone x2  
  32  3:30  Drone  
  32  3:32  Drone  
  34  3:52  Drone x3  
  37  4:13  Spire  
  36  4:21  Extractor  
  35  4:25  Drone x4, Extractor  
  35  4:26  Drone  
  39  4:37  Drone  
  36  4:38  Drone  
  37  4:46  Queen  
  37  4:52  Overlord  
  39  5:05  Drone x3  
  42  5:07  Overlord  
  42  5:26  Mutalisk x4  
  42  5:27  Zerg Flyer Weapons Level 1  
  50  5:32  Drone  
  51  5:42  Mutalisk  
  51  5:43  Mutalisk  
  55  5:52  Hatchery  
  54  6:01  Drone  
  54  6:02  Drone x4  
  59  6:06  Overlord, Mutalisk x2  
  63  6:21  Mutalisk x2  
  67  6:54  Corruptor x4  
  75  7:02  Overlord x2  
  75  7:03  Overlord  
  75  7:11  Queen  
  77  7:16  Extractor  
  77  7:18  Extractor  
  77  7:19  Drone x2  
  77  7:42  Corruptor x4  
  85  7:56  Drone x2  
  87  7:58  Drone  
  87  7:59  Drone  
  87  8:01  Drone x3  
  87  8:02  Zerg Flyer Weapons Level 2  
  92  8:09  Overlord  
  92  8:10  Overlord  
  92  8:18  Overlord  
  86  9:02  Drone x5  
  91  9:04  Mutalisk x4  
  91  9:05  Mutalisk x2  
  103  9:23  Pneumatized Carapace  
  103  9:25  Mutalisk x3  
  103  9:26  Mutalisk  
  107  9:51  Mutalisk x3  
  107  9:52  Mutalisk x5  
  119  9:53  Overlord x2  
  123  10:05  Hatchery  
  122  10:38  Infestation Pit  
  122  10:40  Corruptor x6  
  122  10:41  Corruptor, Overlord  
  122  10:42  Overlord x2  
  135  11:08  Overlord  
  135  11:09  Corruptor x2  
  135  11:10  Corruptor  
  141  11:16  Hive  
  141  11:24  Queen  
  143  11:26  Drone  
  144  11:33  Overseer  
  134  12:10  Corruptor x2  
  134  12:11  Corruptor  
  140  12:21  Extractor  
  139  12:24  Drone x3, Extractor  
  141  12:33  Greater Spire  
  141  12:53  Drone x3  
  144  13:01  Overlord x2  
  144  13:02  Overlord  
  144  13:11  Overlord x2  
  144  13:12  Corruptor x3  
  144  13:13  Corruptor x4  
  150  13:53  Zerg Flyer Weapons Level 3  
  150  13:58  Corruptor x3  
  150  13:59  Corruptor x7  
  150  14:00  Hatchery, Corruptor x3  
  175  14:21  Drone x4  
  175  14:22  Drone x2  
  181  14:56  Corruptor x4  
  181  14:58  Corruptor x5  
  199  15:22  Overlord  
  199  15:48  Extractor  
  199  15:49  Drone x2  
  200  15:50  Drone, Extractor  
  184  16:49  Brood Lord x2  
  184  16:50  Brood Lord x6  
Tags
 
Add a new tag
Caveats
  • Supply blocks, unpowered buildings, or Contaminate may cause inaccurate times.
  • Supply counts are checked every 10 seconds.